Map: Cuenca desértica

Players

MrFercho - Winner!

  • Race: Zerg Zerg
  • Spawn Location: 5:00

tigro

  • Race: Terran Terran
  • Spawn Location: 11:00

VOD

Have the link to the VOD?

Description

Time

  • Played on: March 26, 2020, 8:20 p.m.
  • Length: 39:01
Show
View Real Time Build Order
Export as new Build Order

MrFercho Zerg - Winner!

Build Orders: Pool First 

Get SALT Encoding   

  12  0:06  Drone  
  13  0:13  Overlord  
  13  0:24  Drone  
  14  0:35  Drone  
  15  0:42  Overlord  
  15  0:44  Drone  
  16  1:01  Extractor  
  16  1:03  Extractor  
  14  1:07  Drone x2  
  16  1:24  Spawning Pool  
  15  1:31  Evolution Chamber  
  14  1:43  Evolution Chamber  
  14  1:44  Evolution Chamber, Drone x3  
  15  2:07  Drone  
  15  2:08  Drone  
  17  2:20  Metabolic Boost  
  17  2:25  Drone  
  18  2:35  Queen  
  20  2:44  Drone x2  
  22  3:01  Zergling x2  
  23  3:13  Lair  
  23  3:34  Zergling x6  
  26  4:03  Hatchery  
  25  4:16  Burrow  
  25  4:24  Drone x2  
  25  4:25  Zergling x2  
  25  4:27  Overlord  
  24  5:19  Drone  
  25  5:30  Queen  
  25  5:33  Zerg Melee Weapons Level 1  
  25  5:34  Zerg Ground Armor Level 1, Zerg Missile Weapons Level 1  
  27  5:53  Drone x4  
  31  6:07  Drone x3  
  34  6:42  Spire  
  34  6:44  Spire  
  32  6:47  Extractor  
  32  6:50  Extractor  
  32  6:53  Drone x3  
  33  6:55  Roach Warren  
  33  6:59  Overlord x2  
  32  7:03  Overlord  
  32  7:07  Zergling x10  
  37  7:45  Infestation Pit  
  36  8:00  Drone x3  
  39  8:07  Nydus Network  
  39  8:08  Zerg Flyer Armor Level 1, Zerg Flyer Weapons Level 1  
  39  8:11  Glial Reconstitution  
  38  8:17  Zerg Melee Weapons Level 2  
  35  9:01  Drone x2  
  35  9:02  Drone  
  35  9:13  Roach x2  
  35  9:15  Mutalisk  
  41  9:24  Hive  
  41  9:30  Tunneling Claws  
  41  9:33  Lair  
  41  9:38  Zerg Missile Weapons Level 2  
  41  10:10  Drone x3  
  44  10:34  Queen  
  46  10:41  Drone  
  47  10:43  Drone  
  48  11:10  Pneumatized Carapace  
  48  11:30  Hatchery  
  47  11:38  Greater Spire  
  47  11:39  Greater Spire  
  47  11:41  Hatchery  
  47  11:43  Hatchery  
  45  11:48  Hatchery  
  45  11:52  Hatchery  
  43  12:26  Corruptor, Mutalisk x2  
  43  12:27  Mutalisk  
  43  12:28  Mutalisk x2  
  55  12:30  Extractor  
  55  12:36  Extractor  
  53  12:39  Zergling x6  
  56  12:44  Extractor  
  56  12:45  Extractor, Zerg Missile Weapons Level 3  
  56  12:46  Extractor, Zerg Ground Armor Level 2  
  56  12:47  Zerg Melee Weapons Level 3  
  56  12:49  Adrenal Glands  
  56  12:50  Extractor  
  50  13:31  Roach x3  
  50  13:32  Zergling x6  
  50  13:33  Zergling x2  
  60  14:13  Drone x2  
  60  14:14  Drone x6  
  60  14:15  Drone x3  
  45  15:20  Queen  
  47  15:24  Overlord x3  
  47  15:33  Drone x7  
  47  15:34  Drone x5  
  59  15:47  Zerg Ground Armor Level 3  
  59  15:55  Zerg Flyer Weapons Level 2  
  59  15:58  Zerg Flyer Armor Level 2  
  59  16:18  Drone x3  
  62  16:20  Drone  
  63  16:52  Hydralisk Den  
  62  16:57  Hydralisk Den  
  61  17:49  Spore Crawler  
  60  17:51  Spore Crawler  
  60  17:53  Spore Crawler  
  58  18:06  Spore Crawler  
  58  18:08  Spore Crawler  
  58  18:11  Spore Crawler  
  55  18:22  Spine Crawler  
  55  18:23  Spine Crawler  
  55  18:25  Overlord x2  
  55  18:26  Spine Crawler  
  55  18:27  Drone x4  
  53  18:28  Drone x5  
  53  18:29  Drone  
  62  18:52  Roach x3  
  62  18:53  Zergling x8  
  62  18:54  Mutalisk  
  62  18:55  Hydralisk, Mutalisk x2  
  76  18:56  Hydralisk x4  
  76  19:02  Overlord x2  
  88  19:25  Lurker Den  
  87  19:42  Grooved Spines  
  87  19:43  Muscular Augments  
  87  19:45  Ultralisk Cavern  
  87  19:46  Ultralisk Cavern  
  87  19:51  Nydus Canal  
  85  20:42  Extractor  
  84  20:46  Extractor  
  83  21:16  Ultralisk x3  
  101  21:25  Infestor x2  
  101  21:27  Zergling x4  
  101  21:28  Zergling x12  
  101  21:29  Zergling x4  
  115  22:46  Chitinous Plating  
  115  22:47  Anabolic Synthesis  
  115  23:09  Infestation Pit  
  115  23:12  Infestation Pit  
  113  23:14  Overlord x5  
  113  23:18  Drone x4  
  113  23:19  Drone x5  
  122  23:21  Drone  
  123  24:29  Extractor  
  123  24:30  Extractor  
  119  25:05  Overseer  
  119  25:28  Overlord x3  
  119  25:56  Zerg Flyer Weapons Level 3  
  119  25:57  Zerg Flyer Armor Level 3  
  119  26:03  Pathogen Glands, Neural Parasite, Unknown  
  119  26:19  Ultralisk  
  119  26:20  Ultralisk x2, Mutalisk x3  
  119  26:21  Mutalisk x6  
  119  26:22  Mutalisk x6  
  119  26:23  Mutalisk x4  
  116  27:52  Infestor x3  
  116  27:53  Infestor  
  116  27:55  Corruptor x5  
  116  27:56  Corruptor x5  
  94  29:08  Brood Lord x2  
  94  29:09  Brood Lord x6  
  106  29:10  Brood Lord x2  
  108  29:19  Overseer  
  108  29:20  Overseer x2  
  92  31:37  Ultralisk x4  
  92  31:38  Corruptor x2  
  92  31:39  Mutalisk x3  
  118  31:40  Mutalisk  
  118  31:41  Zergling x8  
  118  31:43  Roach x3  
  118  31:44  Roach  
  124  31:48  Ultralisk  
  124  31:49  Zergling x10  
  124  31:50  Zergling x6  
  101  33:39  Ultralisk x4  
  101  33:40  Ultralisk, Zergling x6  
  101  33:41  Zergling x4  
  136  33:42  Roach x5  
  136  33:43  Mutalisk x5  
  136  33:44  Corruptor x2, Mutalisk  
  136  33:45  Corruptor x3  
  136  33:46  Hydralisk x3  
  80  36:11  Brood Lord x4  
  76  36:34  Ultralisk  
  76  36:35  Ultralisk x2  
  76  36:36  Ultralisk x3, Mutalisk  
  76  36:37  Mutalisk x6  
  76  36:39  Hydralisk x6  
  132  36:40  Hydralisk x3  
  144  37:22  Zergling x10  
  149  37:23  Zergling x8  
Show
View Real Time Build Order
Export as new Build Order

tigro Terran 

Build Orders:  

Get SALT Encoding   

  12  0:04  SCV  
  13  0:18  Supply Depot  
  13  0:20  SCV  
  14  0:32  SCV  
  15  0:43  Refinery  
  15  0:55  Barracks  
  15  0:57  SCV  
  16  1:05  Refinery  
  16  1:09  SCV  
  17  1:24  Supply Depot  
  17  1:29  SCV  
  18  1:44  Barracks, Marine  
  19  1:56  SCV  
  20  2:02  Marine  
  22  2:08  SCV  
  22  2:18  Engineering Bay  
  22  2:20  Marine, SCV  
  24  2:36  Barracks Tech Lab  
  24  2:38  Marine  
  25  2:55  Marine  
  28  2:58  Marauder  
  28  3:00  Factory  
  28  3:11  Orbital Command  
  28  3:13  Marine  
  31  3:20  Marauder  
  31  3:56  Barracks Tech Lab  
  31  3:59  Supply Depot  
  31  4:10  Combat Shield  
  31  4:20  Marauder  
  31  4:23  Factory Tech Lab  
  33  4:53  Factory Tech Lab  
  28  5:20  Siege Tank  
  31  5:29  Stimpack  
  31  5:48  Marine  
  32  5:53  Marauder  
  34  6:05  Command Center  
  34  6:06  Marine  
  35  6:14  Marauder  
  37  6:24  Marine  
  38  6:42  Marine  
  39  6:48  Marauder, Siege Tank  
  44  7:00  Marine  
  45  7:09  Concussive Shells  
  45  7:10  Marauder  
  45  7:15  Starport  
  47  7:31  Marauder  
  47  7:34  Planetary Fortress  
  49  7:57  Armory  
  49  8:03  Infernal Pre-Igniter  
  49  8:08  Terran Infantry Weapons Level 1  
  49  8:16  Medivac  
  51  8:23  SCV  
  52  8:35  SCV  
  53  8:47  SCV  
  54  9:22  Mag-Field Accelerator, Starport Tech Lab  
  54  9:30  Fusion Core  
  54  9:32  Thor  
  60  9:41  Refinery  
  60  9:52  Refinery  
  60  9:54  Marine  
  61  10:02  Terran Infantry Armor Level 1  
  61  10:12  Marine  
  62  10:30  Marine  
  62  10:31  Missile Turret x2  
  63  10:44  Siege Tank  
  63  10:48  Marine  
  63  10:49  Weapon Refit  
  67  11:06  Marine  
  68  11:32  Missile Turret  
  68  11:39  Battlecruiser  
  74  11:42  Terran Vehicle Weapons Level 1  
  74  11:56  Neosteel Armor  
  74  11:58  SCV  
  75  12:10  SCV  
  76  12:22  SCV  
  77  12:27  Supply Depot  
  77  12:29  Rapid Reignition System  
  77  12:34  Marine  
  78  12:37  Missile Turret  
  78  12:51  Marine  
  78  12:53  Missile Turret  
  79  13:09  Marine  
  80  13:26  Advanced Ballistics  
  80  13:27  Marine  
  80  13:29  Missile Turret  
  80  13:33  Siege Tank  
  84  13:36  Terran Vehicle And Ship Armor Level 1  
  84  13:45  Marine  
  84  13:47  Missile Turret  
  85  14:44  Missile Turret  
  84  15:36  Missile Turret  
  84  16:06  Refinery  
  84  16:10  Command Center  
  84  16:18  Drilling Claws  
  84  16:22  Terran Infantry Weapons Level 2, Refinery  
  84  16:25  Factory  
  84  16:42  SCV  
  85  17:06  Refinery  
  85  17:15  Missile Turret  
  85  17:20  SCV  
  85  17:21  Siege Tank  
  89  17:30  Missile Turret  
  89  17:31  Planetary Fortress  
  89  17:36  Smart Servos  
  89  17:41  SCV  
  90  17:53  Siege Tank  
  90  17:54  Factory Tech Lab  
  90  17:56  Missile Turret  
  93  18:19  SCV  
  94  18:26  Siege Tank  
  97  18:31  SCV  
  98  18:44  SCV  
  99  18:51  Missile Turret  
  99  18:56  SCV  
  99  19:02  Starport  
  100  19:08  SCV  
  101  19:13  Siege Tank  
  104  19:17  Supply Depot  
  104  19:45  Siege Tank  
  107  20:42  Thor  
  113  20:46  Starport Tech Lab  
  113  20:56  Battlecruiser  
  119  21:08  Supply Depot  
  119  21:16  Missile Turret  
  119  22:26  Battlecruiser  
  119  22:29  Battlecruiser  
  131  22:38  Supply Depot  
  131  22:58  Marine  
  131  23:03  Marine  
  133  23:08  Thor  
  133  23:11  Thor  
  145  23:16  Marine  
  146  23:21  Marine  
  147  23:34  Marine  
  148  23:39  Marine, Battlecruiser  
  155  23:47  Supply Depot  
  155  23:51  Marine  
  156  23:57  Marine  
  157  24:08  Battlecruiser  
  157  24:09  Widow Mine  
  165  24:44  Supply Depot  
  165  24:54  Command Center  
  165  25:03  Medivac, Marine x2  
  165  25:04  Widow Mine  
  165  25:06  Missile Turret  
  171  25:13  Battlecruiser  
  177  26:21  Missile Turret  
  177  26:29  Refinery  
  177  26:31  Planetary Fortress  
  177  26:45  Missile Turret  
  65  29:11  Factory Tech Lab  
  65  29:16  Marauder  
  67  29:19  Marine  
  67  29:23  Battlecruiser  
  74  29:25  Medivac  
  76  29:37  Marine  
  76  29:38  Marauder  
  79  29:55  Viking, Marine  
  79  29:59  Marauder  
  84  30:13  Marine  
  85  30:21  Marauder  
  87  30:25  Viking  
  87  30:27  Battlecruiser  
  95  30:31  Marine  
  96  30:42  Marauder  
  98  30:55  Viking  
  87  31:25  Viking  
  84  32:10  Marine  
  85  32:24  Starport  
  85  32:28  Marine  
  86  32:46  Marine  
  81  33:04  Marine  
  74  33:21  Marine  
  74  33:28  Thor  
  67  35:00  Engineering Bay  
  67  35:08  Supply Depot  
  55  35:41  Barracks  
  37  36:00  Missile Turret  
  37  36:24  Missile Turret  
  37  36:32  Marine  
  38  36:33  Barracks  
  37  36:50  Marine  
  32  36:58  Missile Turret  
  18  37:39  SCV  
  15  37:58  SCV  
  15  38:02  Engineering Bay  
  8  38:41  Command Center  
Tags
 
Matchup
TvZ
Opening
Pool First
Replay Pack
MrFercho
Spawn Locations
Cross Positions
Add a new tag
Caveats
  • Supply blocks, unpowered buildings, or Contaminate may cause inaccurate times.
  • Supply counts are checked every 10 seconds.